 Dungeon Crawl Stone Soup version 0.23.2-1-ga50397a (webtiles) character file.

Game seed: 8570936520254447686

57264 MalarOregon the Peltast (level 14, 110/110 HPs)
             Began as a Merfolk Gladiator on May 7, 2019.
             Was the Champion of Okawaru.
             Quit the game on level 9 of the Dungeon.
             The game lasted 01:04:28 (28054 turns).

MalarOregon the Peltast (Merfolk Gladiator)        Turns: 28054, Time: 01:04:28

Health: 110/110    AC: 42    Str: 28    XL:     14   Next: 85%
Magic:  21/21      EV: 11    Int: 14    God:    Okawaru [******]
Gold:   541        SH: 15    Dex: 19    Spells: 15/23 levels left

rFire    . . .     SeeInvis .   a - +7 trident (venom)
rCold    + . .     Gourm    .   C - +0 shield
rNeg     + . .     Faith    .   V - +13 crystal plate armour "Pasi" {*Slow MR+ Int+6}
rPois    .         Spirit   .   A - +0 helmet of the Tormentor {rC+ rN+}
rElec    .         Reflect  .   g - +1 cloak
rCorr    .         Harm     .   U - +2 pair of gloves {Dex+3}
MR       ++...                  (no boots)
Stlth    ..........             R - amulet of Ylloask {RegenMP Str+6}
HPRegen  0.28/turn              B - +4 ring of protection
MPRegen  0.42/turn              S - +4 ring of strength

@: no status effects
A: change form in water, swift swim, stealthy swim
a: Heroism, Finesse, Renounce Religion


You were on level 9 of the Dungeon.
You worshipped Okawaru.
Okawaru was exalted by your worship.
You were hungry.

You visited 4 branches of the dungeon, and saw 20 of its levels.
You visited 1 bazaar.
You also visited: Gauntlet.

You collected 1302 gold pieces.
You spent 761 gold pieces at shops.

Inventory:

Hand Weapons
 a - a +7 trident of venom (weapon)
   (You took it off an orc on level 12 of the Dungeon)
Missiles
 p - 3 throwing nets {!f}
 F - 6 poisoned javelins
 W - 10 javelins of penetration (quivered)
Armour
 g - a +1 cloak (worn)
   (You found it on level 5 of the Dungeon)
 A - the +0 helmet of the Tormentor (worn) {rC+ rN+}
   (You bought it in a shop on level 6 of the Dungeon)

   It protects you from cold.
   It protects you from negative energy.
 C - a +0 shield (worn)
   (You found it on level 7 of the Dungeon)
 U - a +2 pair of gloves of dexterity (worn)
   (Okawaru gifted it to you on level 5 of the Lair of Beasts)
 V - the +13 crystal plate armour "Pasi" (worn) {*Slow MR+ Int+6}
   (You took it off a minotaur in a Gauntlet)

   It affects your intelligence (+6).
   It affects your resistance to hostile enchantments.
   It may slow you when you take damage.
 Z - a scarf of cloud immunity
   (You found it in a Gauntlet)
Jewellery
 i - an uncursed ring of protection from fire
   (You took it off an orc on level 8 of the Dungeon)
 o - an uncursed ring of protection from cold
   (You found it on level 6 of the Lair of Beasts)
 B - a +4 ring of protection (left hand)
   (You found it on level 3 of the Dungeon)
 D - an uncursed ring of magical power
   (You found it on level 5 of the Lair of Beasts)
 O - an uncursed ring of flight
   (You found it on level 2 of the Lair of Beasts)
 R - the amulet of Ylloask (around neck) {RegenMP Str+6}
   (You found it on level 5 of the Lair of Beasts)

   [amulet of magic regeneration]

   It increases your magic regeneration.
   It affects your strength (+6).
 S - a +4 ring of strength (right hand)
   (You found it on level 3 of the Lair of Beasts)
Wands
 c - a wand of disintegration (14)
   (You took it off a tengu on level 10 of the Dungeon)
 d - a wand of iceblast (25)
   (You found it on level 8 of the Dungeon)
 t - a wand of flame (7)
   (You found it on level 4 of the Dungeon)
 u - a wand of paralysis (12)
   (You found it on level 6 of the Lair of Beasts)
 v - a wand of digging (6)
   (You found it on level 5 of the Lair of Beasts)
 x - a wand of acid (8)
   (You found it on level 6 of the Dungeon)
 J - a wand of polymorph (20)
   (You found it on level 9 of the Dungeon)
 L - a wand of enslavement (24)
   (You found it on level 9 of the Dungeon)
Scrolls
 f - 4 scrolls of immolation {!r}
 n - 9 scrolls of teleportation {@r4}
 q - 3 scrolls of fear
 w - 10 scrolls of remove curse {@r2}
 y - 4 scrolls of fog
 H - 2 scrolls of magic mapping
Potions
 h - 2 potions of magic
 k - 3 potions of ambrosia
 m - 2 potions of cancellation
 s - 2 potions of heal wounds {@q2}
 G - 10 potions of curing {@q1}
 K - 4 potions of brilliance
 M - 3 potions of might
 N - 2 potions of agility
 P - a potion of berserk rage
 X - a potion of haste {@q3}
 Y - 2 potions of mutation {!q}
Miscellaneous
 T - a phial of floods
   (You found it on level 4 of the Lair of Beasts)
Comestibles
 b - 5 chunks of flesh
 e - 23 rations {!d}


   Skills:
 + Level 10.1 Fighting
 - Level 14.0 Polearms
 + Level 2.0 Throwing
 + Level 7.1 Armour
 - Level 10.0 Dodging
 - Level 15.0 Shields
 + Level 5.0 Spellcasting
 + Level 4.0 Hexes
 + Level 6.0 Transmutations
 + Level 2.0 Invocations
 + Level 6.5 Evocations


You had 15 spell levels left.
You knew the following spells:

 Your Spells              Type           Power        Failure   Level  Hunger
a - Yara's Violent Unrav  Hex/Tmut       ###.......   100%        5    ######.
d - Tukima's Dance        Hex            ##......     99%         3    ###....

Your spell library contained the following spells:

 Spells                   Type           Power        Failure   Level  Hunger
 Confusing Touch          Hex            ##....       80%         1    None
 Corona                   Hex            ##.....      80%         1    None
 Ensorcelled Hibernation  Hex/Ice        #.....       99%         2    ##.....
 Confuse                  Hex            ##......     99%         3    ###....
 Magic Dart               Conj           #...         100%        1    None
 Blink                    Tloc           N/A          100%        2    ##.....
 Searing Ray              Conj           #.....       100%        2    ##.....
 Shroud of Golubria       Chrm/Tloc      #.........   100%        2    ##.....
 Swiftness                Chrm/Air       #.......     100%        2    ##.....
 Dazzling Spray           Conj/Hex       #.....       100%        3    ###....
 Gell's Gravitas          Tloc           #.........   100%        3    ###....
 Lesser Beckoning         Tloc           #.........   100%        3    ###....
 Spectral Weapon          Hex/Chrm       #.......     100%        3    ###....
 Static Discharge         Conj/Air       #.......     100%        3    ###....
 Teleport Other           Tloc           #.......     100%        3    ###....
 Airstrike                Air            #.........   100%        4    ####...
 Force Lance              Conj/Tloc      #.......     100%        4    ####...
 Fulminant Prism          Conj/Hex       #.........   100%        4    ####...
 Iskenderun's Mystic Bla  Conj           #.......     100%        4    ####...
 Passage of Golubria      Tloc           N/A          100%        4    ####...
 Petrify                  Tmut/Erth      ##......     100%        4    ####...
 Summon Lightning Spire   Summ/Air       #.......     100%        4    ####...
 Lightning Bolt           Conj/Air       #.........   100%        5    ######.
 Metabolic Englaciation   Hex/Ice        #.........   100%        5    ######.
 Deflect Missiles         Chrm/Air       #.........   100%        6    #######
 Discord                  Hex            ##........   100%        8    #######


Dungeon Overview and Level Annotations

Branches:
Dungeon (12/15)            Temple (1/1) D:7            Lair (6/6) D:10
  Swamp (0/4) Lair:4        Snake (0/4) Lair:2        Slime (0/5) Lair:6
    Orc (1/2) D:9

Altars:
Ashenzari
Cheibriados
Dithmenos
Elyvilon
Fedhas
Gozag
Hepliaklqana
Kikubaaqudgha
Makhleb
Nemelex Xobeh
Okawaru
Qazlal
Ru
Sif Muna
Trog
Uskayaw
Vehumet
Wu Jian
Xom
Yredelemnul
Zin
The Shining One

Shops:
D:6 [(   D:7 ?   D:9 (

Annotations:
D:3 2 transporters
D:8 3 runed translucent doors, Nukog's ghost, novice OgMo


Message History

You climb upwards.
There is a stone staircase leading down, spattered with blood here.
There is a stone staircase leading up here.
You climb upwards.
There is a stone staircase leading down here.
Your legs become a tail as you enter the water.
There is a stone staircase leading up here.
You climb upwards.
There is a stone staircase leading down here.
There is an open door here.
There is a staircase back to the Dungeon here.
You climb upwards.
Welcome back to the Dungeon!
There is a staircase to the Lair here.
There is an open door here.
There is a stone staircase leading up here.
You climb upwards.
There is a stone staircase leading down here.
There is a staircase to the Orcish Mines here.
You climb downwards.
Welcome to the Orcish Mines!
A warg and an orc warrior come into view.
The orc warrior shouts!
The warg howls!
You hear a shout! x2
Found 17 gold pieces.
There is a staircase back to the Dungeon here.
The warg barely misses you.
You climb upwards.
Welcome back to the Dungeon!
There is a staircase to the Orcish Mines here.
You puncture the warg! You block the warg's attack.
You hit the warg but do no damage. You hit the warg.
The warg bites you but does no damage.
You closely miss the warg. The warg completely misses you.
You impale the warg!! You block the warg's attack.
You closely miss the warg. You block the warg's attack.
You impale the warg!!
You kill the warg!
Okawaru accepts your kill.
No target in view!
No target in view!
No target in view!
No target in view!
No target in view!
No target in view!
No target in view!
No target in view!
You see here a warg corpse.
You butcher the warg corpse.
b - 5 chunks of flesh You see here a warg skeleton.
There is a staircase to the Orcish Mines here.
Quiver which item? (- for none, * to show all) (? for menu, Esc to quit)
Okay, then.

#..########..........##
...# ##..........# ...#
##.......#.# ...#
##.....##.# ..##
##...###.# ..# #####
#.## ### #..# #
#######.# #@#..##)#
#รท....#)# ##.......##
#.........##
##..........## ###
#...>........## # ..###
##.............######
....##
#................##..
.....##
##...................


There were no monsters in sight!

Vanquished Creatures
  A minotaur (Gauntlet)
  A fire dragon (Lair:6)
  13 hydras
  Erica (D:10)
  3 two-headed ogres
  A tengu warrior (Gauntlet)
  6 death yaks
  A fire crab (Lair:6)
  3 unseen horrors
  An ugly thing (D:11)
  A cyclops (D:10)
  12 elephants
  2 torpor snails
  5 black mambas
  An ice statue (Lair:5)
  Joseph (D:9)
  2 molten gargoyles (Lair:6)
  13 spiny frogs
  3 rime drakes
  12 komodo dragons
  An ice devil (Lair:5)
  2 tengu conjurers (Gauntlet)
  A troll (D:10)
  A polar bear (Lair:6)
  3 blink frogs (Lair:4)
  A tyrant leech (Lair:4)
  Grinder (D:3)
  A raiju (Gauntlet)
  8 hippogriffs
  A wraith (D:12)
  4 wyverns
  33 yaks
  3 basilisks
  2 steam dragons
  4 nagas (Lair:2)
  A warg (D:9)
  2 swamp worms (Lair:4)
  8 porcupines
  5 hell hounds (Lair:6)
  16 water moccasins
  6 orc warriors
  9 ice beasts
  2 black bears
  An eye of draining (D:10)
  A sky beast (D:7)
  2 phantoms
  A necrophage (D:9)
  11 ogres
  A tengu (D:10)
  3 centaurs
  19 crocodiles
  13 bullfrogs
  6 scorpions
  A water moccasin skeleton (D:5)
  8 killer bees
  8 wights
  4 howler monkeys
  5 crimson imps
  4 lava snakes (Lair:6)
  7 jellies
  2 bullfrog zombies
  8 hounds
  6 orc wizards
  7 orc priests
  A gnoll shaman (D:8)
  A bullfrog skeleton (D:9)
  3 iguanas
  8 worker ants
  A statue (D:9)
  A hound zombie (D:10)
  2 hound skeletons
  Robin (D:4)
  7 gnolls
  2 howler monkey skeletons (D:10)
  12 adders
  2 shadow imps
  2 oozes
  An adder skeleton (D:4)
  2 worms
  A dart slug (D:1)
  4 leopard geckos
  40 orcs
  3 giant cockroaches
  12 goblins
  10 hobgoblins
  17 jackals
  8 kobolds
  2 quokkas
  A ball python (D:3)
  4 bats
  8 frilled lizards
  A jackal skeleton (D:6)
  A quokka skeleton (D:7)
  7 rats
  A demonic plant (Gauntlet)
  A fungus (Lair:5)
  A plant (D:10)
484 creatures vanquished.

Vanquished Creatures (others)
  A steam dragon (Gauntlet)
  2 orc wizards (D:10)
  8 demonic plants (Gauntlet)
  2 fungi
  5 plants
18 creatures vanquished.

Grand Total: 502 creatures vanquished

Notes
Turn   | Place    | Note
-------+----------+-------------------------------------------
     0 | D:1      | MalarOregon the Merfolk Gladiator began the quest for the
                  | Orb.
     0 | D:1      | Reached XP level 1. HP: 16/16 MP: 1/1
   143 | D:1      | Reached skill level 5 in Polearms
   152 | D:1      | Reached XP level 2. HP: 22/22 MP: 2/2
   666 | D:1      | Reached XP level 3. HP: 24/27 MP: 3/3
  1043 | D:2      | Reached XP level 4. HP: 25/33 MP: 4/4
  2025 | D:3      | Found a transporter.
  2067 | D:3      | Found a faded altar of an unknown god.
  2084 | D:3      | Reached XP level 5. HP: 39/39 MP: 5/5
  2087 | D:3      | Found a shattered altar of Ashenzari.
  2110 | D:3      | Noticed Grinder
  2146 | D:3      | Paralysed by Grinder for 5 turns
  2154 | D:3      | Paralysed by Grinder for 3 turns
  2463 | D:3      | Found a transporter.
  2654 | D:4      | Found a shimmering altar of Xom.
  2849 | D:4      | Found a hide-covered altar of Uskayaw.
  2897 | D:4      | Found a stormy altar of Qazlal.
  3316 | D:4      | Reached XP level 6. HP: 33/47 MP: 6/6
  3433 | D:4      | Noticed Robin
  3469 | D:4      | Killed Robin
  3470 | D:4      | Reached skill level 5 in Dodging
  4039 | D:3      | Found a deep blue altar of Sif Muna.
  4254 | D:5      | Entered Level 5 of the Dungeon
  4882 | D:4      | Reached XP level 7. HP: 40/54 MP: 7/7
  5629 | D:5      | Reached skill level 5 in Fighting
  5629 | D:5      | Reached skill level 1 in Armour
  5629 | D:5      | Reached XP level 8. HP: 44/62 MP: 8/8
  5863 | D:6      | Reached skill level 10 in Polearms
  6473 | D:3      | Paralysed by Grinder for 3 turns
  6480 | D:3      | Killed Grinder
  6752 | D:6      | Found Xiockiuph's Antique Weapon Shoppe.
  6785 | D:6      | Found a blossoming altar of Fedhas.
  6839 | D:6      | Found Xoanaup's Magic Scroll Emporium.
  6847 | D:6      | Bought a scroll of identify for 26 gold pieces
  6847 | D:6      | Bought a scroll of identify for 26 gold pieces
  6847 | D:6      | Bought a scroll of identify for 26 gold pieces
  6847 | D:6      | Bought a scroll of identify for 26 gold pieces
  6847 | D:6      | Bought a scroll of fear for 45 gold pieces
  6847 | D:6      | Bought a scroll of noise for 13 gold pieces
  7013 | D:6      | Found Xuxithrin's Antique Armour Emporium.
  7019 | D:6      | Bought a faintly glowing helmet for 237 gold pieces
  7029 | D:6      | Identified the cursed +0 helmet of the Tormentor {rC+ rN+}
                  | (You bought it in a shop on level 6 of the Dungeon)
  7119 | D:6      | Reached XP level 9. HP: 71/71 MP: 9/9
  7336 | D:7      | Found a white marble altar of Elyvilon.
  7373 | D:7      | Found a sparkling altar of Nemelex Xobeh.
  7466 | D:7      | Reached skill level 1 in Shields
  7488 | D:7      | Found a staircase to the Ecumenical Temple.
  7514 | D:7      | Found Ysae's Magic Scroll Shop.
  7880 | Temple   | Entered the Ecumenical Temple
  7938 | Temple   | Became a worshipper of Warmaster Okawaru
  8019 | D:8      | Found a runed translucent gate.
  8019 | D:8      | Found a runed translucent gate.
  8019 | D:8      | Found a runed translucent gate.
  8021 | D:8      | Noticed Nukog's ghost (novice OgMo)
  8021 | D:8      | Noticed an 11-headed hydra
  8076 | D:8      | Reached skill level 2 in Shields
  8576 | D:8      | Noticed a two-headed ogre
  8586 | D:8      | Killed a two-headed ogre
  8586 | D:8      | Reached * piety under Okawaru
  8586 | D:8      | Reached skill level 10 in Dodging
  8586 | D:8      | Reached skill level 3 in Shields
  8586 | D:8      | Reached XP level 10. HP: 45/80 MP: 10/10
  8920 | D:8      | Reached skill level 4 in Shields
  9370 | D:9      | Noticed Joseph
  9391 | D:8      | Reached ** piety under Okawaru
  9822 | D:9      | Found a radiant altar of Vehumet.
 10675 | D:9      | Found a burning altar of Makhleb.
 10675 | D:9      | Noticed a balrug
 10759 | D:9      | Reached skill level 5 in Shields
 10839 | D:9      | Killed Joseph
 11001 | D:9      | Found Ovotew's Weapon Boutique.
 11172 | D:9      | Found a staircase to the Orcish Mines.
 11200 | D:9      | Reached *** piety under Okawaru
 11684 | D:10     | Entered Level 10 of the Dungeon
 11687 | D:10     | Noticed Maurice
 11689 | D:10     | Noticed Maurice
 11689 | D:10     | Maurice changed into Maurice the tengu
 11692 | D:10     | Noticed Erica
 11871 | D:10     | Found a staircase to the Lair.
 11878 | D:10     | Reached skill level 6 in Shields
 11995 | D:10     | Killed Maurice the tengu
 11998 | D:10     | Noticed a cyclops
 12292 | D:10     | Killed a cyclops
 12292 | D:10     | Reached XP level 11. HP: 72/90 MP: 11/11
 12502 | D:10     | Reached skill level 1 in Invocations
 12659 | D:10     | Killed Erica
 12659 | D:10     | Reached **** piety under Okawaru
 12659 | D:10     | Reached skill level 10 in Fighting
 13048 | D:11     | Noticed a two-headed ogre
 13055 | D:11     | Killed a two-headed ogre
 13055 | D:11     | Reached skill level 7 in Shields
 13079 | D:11     | Noticed a two-headed ogre
 13092 | D:11     | Killed a two-headed ogre
 13597 | D:11     | Reached ***** piety under Okawaru
 13801 | D:11     | Killed an unseen horror
 13801 | D:11     | Reached skill level 8 in Shields
 14158 | D:11     | Noticed a brown ugly thing
 14213 | D:11     | Killed a purple ugly thing
 14213 | D:11     | Received a gift from Okawaru
 14522 | D:12     | Killed an unseen horror
 14770 | D:12     | Found a flickering gateway to a bazaar.
 14775 | Bazaar   | Entered a bazaar
 14775 | Bazaar   | Found Wonauceam's Jewellery Shoppe.
 14775 | Bazaar   | Found Soobagiene's Distillery.
 14777 | Bazaar   | Found Diwuxt's Antique Weapon Boutique.
 14796 | Bazaar   | Found Kehyghy's General Store.
 14804 | Bazaar   | Found Vaogut Kafu's Antique Armour Emporium.
 14862 | Bazaar   | Bought a crude robe for 182 gold pieces
 14873 | Bazaar   | Bought a potion of might for 48 gold pieces
 14873 | Bazaar   | Bought a potion of curing for 36 gold pieces
 14873 | Bazaar   | Bought a potion of agility for 48 gold pieces
 14908 | Bazaar   | Bought a potion of might for 48 gold pieces
 14916 | D:12     | Identified the +1 robe "Asisuat" {-Tele +Inv +Fly Int+5}
                  | (You bought it in a shop in a bazaar)
 14941 | D:12     | Reached skill level 5 in Armour
 14968 | D:12     | Reached skill level 9 in Shields
 14984 | D:12     | Reached XP level 12. HP: 61/97 MP: 13/13
 15127 | D:12     | Received a gift from Okawaru
 15338 | D:12     | Got a scorched glaive {god gift}
 15339 | D:12     | Identified the +8 glaive of a Labyrinth {chop, *Slow Int+7}
                  | (Okawaru gifted it to you on level 12 of the Dungeon)
 15423 | Lair:1   | Entered Level 1 of the Lair of Beasts
 15975 | Lair:1   | Reached skill level 10 in Shields
 17233 | Lair:2   | Found a staircase to the Snake Pit.
 17252 | Lair:2   | Reached skill level 11 in Shields
 17572 | Lair:2   | Noticed an eight-headed hydra
 17580 | Lair:2   | Killed a three-headed hydra
 17580 | Lair:2   | Received a gift from Okawaru
 17583 | Lair:2   | Got a pair of heavily runed gloves {god gift}
 17595 | Lair:2   | Identified the +0 pair of gloves of Plog {rN++ MR+ Str-3}
                  | (Okawaru gifted it to you on level 2 of the Lair of Beasts)
 17990 | Lair:2   | Found a shadowy altar of Dithmenos.
 18267 | Lair:3   | Reached skill level 12 in Shields
 18783 | Lair:3   | Found a burning altar of Makhleb.
 19299 | Lair:3   | Reached XP level 13. HP: 54/103 MP: 14/14
 19529 | Lair:4   | Reached skill level 13 in Shields
 21109 | Lair:4   | Reached skill level 14 in Shields
 21412 | Lair:3   | Reached ****** piety under Okawaru
 21807 | Lair:4   | Received a gift from Okawaru
 22670 | Lair:4   | Found a staircase to the Swamp.
 23085 | Lair:5   | Reached skill level 15 in Shields
 23094 | Lair:5   | Learned a level 3 spell: Tukima's Dance
 23100 | Lair:5   | Learned a level 5 spell: Yara's Violent Unravelling
 23445 | Lair:5   | Reached skill level 1 in Transmutations
 23445 | Lair:5   | Reached skill level 1 in Evocations
 23521 | Lair:5   | Reached skill level 1 in Hexes
 23593 | Lair:5   | Reached skill level 1 in Spellcasting
 23777 | Lair:5   | Received a gift from Okawaru
 24364 | Lair:5   | Reached XP level 14. HP: 110/110 MP: 17/17
 24861 | Lair:5   | Got a brightly glowing golden amulet
 24874 | Lair:5   | Got a shimmering scythe
 24875 | Lair:5   | Identified Sif Muna's Compendium of Feathers
 24884 | Lair:5   | Identified the +1 scythe of Equivalence {holy, rElec MR+}
                  | (You found it on level 5 of the Lair of Beasts)
 24915 | Lair:6   | Entered Level 6 of the Lair of Beasts
 25024 | Lair:6   | Found a gate leading to a gauntlet.
 25114 | Gauntlet | Entered a Gauntlet
 25114 | Gauntlet | Found a transporter.
 25114 | Gauntlet | Found a transporter.
 25114 | Gauntlet | Found a transporter.
 25115 | Gauntlet | Found a transporter.
 25118 | Gauntlet | Found a transporter.
 25119 | Gauntlet | Found a transporter.
 25128 | Gauntlet | Found a transporter.
 25132 | Gauntlet | Found a transporter.
 25142 | Gauntlet | Found a transporter.
 25244 | Gauntlet | Found a transporter.
 25248 | Gauntlet | Found a transporter.
 25262 | Gauntlet | Found a transporter.
 25353 | Gauntlet | Reached skill level 5 in Transmutations
 25946 | Gauntlet | Identified the +4 arbalest of Coutoq {freeze, Str+4 Dex+2
                  | SInv}
 25946 | Gauntlet | Identified the +13 crystal plate armour "Pasi" {*Slow MR+
                  | Int+6}
 26142 | Gauntlet | Got a dull robe
 26144 | Gauntlet | Identified the Volume of Flight and Bewitchment
 26158 | Gauntlet | Identified the +1 robe of the Original Sin {*Slow rCorr
                  | MP-9 Str+8} (You found it in a Gauntlet)
 26172 | Gauntlet | Identified the amulet of Ylloask {RegenMP Str+6} (You found
                  | it on level 5 of the Lair of Beasts)
 26181 | Gauntlet | Got a twisted war axe
 26183 | Gauntlet | Identified the cursed +0 war axe of Icac {protect, +Rage
                  | rC+} (You found it in a Gauntlet)
 26203 | Lair:6   | Found a staircase to the Slime Pits.
 26587 | Lair:6   | Reached skill level 5 in Evocations
 26731 | Lair:6   | Found a large runed translucent door.
 26732 | Lair:6   | Found a large runed translucent door.
 27042 | Lair:6   | Reached skill level 5 in Spellcasting
 27348 | Lair:6   | Received a gift from Okawaru
 28040 | Orc:1    | Entered Level 1 of the Orcish Mines
 28054 | D:9      | Quit the game

Skill      XL: |  1  2  3  4  5  6  7  8  9 10 11 12 13 14 |
---------------+-------------------------------------------+-----
Polearms       | 5 6 7 8 9 11 12 14 | 14.0
Fighting       | 3 4 5 6 8 9 10 | 10.1
Dodging        | 5 6 8 10 | 10.0
Armour         | 1 2 5 6 7 |  7.1
Shields        | 3 6 9 12 15 | 15.0
Invocations    | 2 |  2.0
Transmutations | 3 6 |  6.0
Evocations     | 2 6 |  6.5
Hexes          | 2 4 |  4.0
Spellcasting   | 2 5 |  5.0
Throwing       | |  2.0

Action                   |  1- 3 |  4- 6 |  7- 9 | 10-12 | 13-15 || total
-------------------------+-------+-------+-------+-------+-------++-------
Melee: Trident           |   110 |   239 |   447 |  1319 |  1193 ||  3308
       Tailslap          |       |     2 |       |       |     1 ||     3
       Scimitar          |       |       |       |     5 |    77 ||    82
Throw: Throwing net      |       |     3 |       |       |       ||     3
       Javelin           |       |       |       |       |    12 ||    12
Invok: Heroism           |       |       |       |     1 |     2 ||     3
Evoke: Wand              |       |     1 |     1 |    15 |    10 ||    27
  Use: Scroll            |       |    11 |     4 |    13 |    24 ||    52
       Potion            |       |       |       |       |     4 ||     4
 Stab: Sleeping          |     2 |     1 |       |       |       ||     3
       Distracted        |     1 |       |       |       |       ||     1
       Confused          |       |       |     1 |     7 |       ||     8
  Eat: Chunk             |       |    12 |     9 |    32 |    21 ||    74
       Ration            |       |       |     1 |     1 |     2 ||     4
Armor: Leather armour    |    24 |    28 |       |       |       ||    52
       Chain mail        |       |       |   128 |   327 |   242 ||   697
       Crystal plate arm |       |       |       |       |   154 ||   154
Dodge: Dodged            |    44 |   117 |   116 |   271 |   339 ||   887
Block: Shield            |       |       |    61 |   387 |   650 ||  1098
       Rpst.: Scimitar   |       |       |       |       |    13 ||    13
